 Dungeon Crawl Stone Soup version 0.27-a0-1497-gf8f22f7954 (webtiles) character file.

Game seed: 3750093923450068774

21 Lekart the Skirmisher (level 2, -4/26 HPs)
             Began as a Draconian Chaos Knight on July 7, 2021.
             Was a Plaything of Xom.
             Slain by a hog (shapeshifter) (10 damage)
             ... on level 1 of the Dungeon.
             The game lasted 00:00:38 (605 turns).

Lekart the Skirmisher (Draconian Chaos Knight)       Turns: 605, Time: 00:00:38

Health: -4/26      AC:  4    Str: 14    XL:     2   Next: 62%
Magic:  3/3        EV: 12    Int: 12    God:    Xom [....*.]
Gold:   19         SH:  0    Dex: 10    Spells: 2/2 levels left

rFire    . . .     SeeInvis .   a - +0 falchion (chaos)
rCold    . . .     Faith    .   (no shield)
rNeg     . . .     Spirit   .   (armour unavailable)
rPois    .         Reflect  .   (helmet restricted)
rElec    .         Harm     .   (no cloak)
rCorr    .         Rampage  .   (no gloves)
Will     .....                  (no boots)
Stlth    +.........             (no amulet)
HPRegen  0.08/turn              (no ring)
MPRegen  0.08/turn              (no ring)

@: no status effects
A: AC +4, unfitting armour, cold-blooded
a: Renounce Religion


You were on level 1 of the Dungeon.
You worshipped Xom.
You were a beloved toy of Xom.
You visited 1 branch of the dungeon, and saw 1 of its levels.

You collected 19 gold pieces.

Inventory:

Hand Weapons
 a - a +0 falchion of chaos (weapon)


   Skills:
 + Level 3.6 Fighting
 + Level 3.3 Long Blades
 + Level 2.3 Dodging
 * Level 0.6 Spellcasting


You had 2 spell levels left.
You didn't know any spells.
Your spell library was empty.

Dungeon Overview and Level Annotations

Branches:
Dungeon (1/15)

Altars:


Innate Abilities, Weirdness & Mutations

Your plain brown scales are hard. (AC +4)
You cannot fit into any form of body armour.
You are cold-blooded and may be slowed by cold attacks.


Message History

You riposte.
You hit the giant cockroach.
The giant cockroach is poisoned.
The giant cockroach is severely wounded.
A giant cockroach is nearby!
You completely miss the giant cockroach.
The giant cockroach is severely wounded.
You kill the giant cockroach!
Magic restored.
You now have 19 gold pieces (gained 7).
You see here a giant cockroach corpse.
A hobgoblin comes into view.
The hobgoblin shouts!
The hobgoblin moves out of view.
No target in view!
A hobgoblin is nearby!
A hobgoblin is nearby!
A hobgoblin is nearby!
A hobgoblin is nearby!
Xom's power touches on a nearby monster.
The hobgoblin changes into a shapeshifter!
You are now a beloved toy of Xom.
The shapeshifter changes into a hog!
You barely miss the hog.
You tail-slap the hog, but do no damage.
The hog bites you!
A hog is nearby!
You hit the hog but do no damage. Lightning courses through the hog!
The hog is moderately wounded.
The hog bites you. x2
A hog is nearby!
A hog is nearby!
You are too injured to fight recklessly!
You hit the hog but do no damage.
The hog is poisoned.
The hog is moderately wounded.
The hog bites you.
* * * LOW HITPOINT WARNING * * *
You barely miss the hog.
The hog is moderately wounded.
The hog barely misses you. The hog bites you!
You die...
Xom bursts into laughter!

...### ....##....##.#..
.##.... ................
.....................#..
.......#.##.##...##..#.#
.....................#.#
........###.##.....#.#.#
!..................#.#.#
............#......#.#.#
....##.@................
... #.h....†########.##
#. ##......###≈≈≈≈♣.♣≈ .
............#≈...♣.♣.
..###.......#≈.P..... ..
...#......#≈PPP...P .
...........#♣.P.....
............≈....<..
..........##♣.♣.....


You could see a hog shaped shifter (very poisoned).

Vanquished Creatures
  2 giant cockroaches (D:1)
  A goblin (D:1)
  2 hobgoblins (D:1)
  8 jackals (D:1)
  A kobold (D:1)
  A bat (D:1)
  A frilled lizard (D:1)
16 creatures vanquished.

Vanquished Creatures (others)
  5 toadstools (D:1)
5 creatures vanquished.

Grand Total: 21 creatures vanquished

Notes
Turn   | Place    | Note
-------+----------+-------------------------------------------
     0 | D:1      | Lekart the Draconian Chaos Knight began the quest for the
                  | Orb.
     0 | D:1      | Reached XP level 1. HP: 19/19 MP: 1/1
    11 | D:1      | XOM: butterfly on damage
    37 | D:1      | Reached XP level 2. HP: 6/26 MP: 2/2
    46 | D:1      | XOM: silly message
    95 | D:1      | XOM: silly message
   601 | D:1      | Noticed a shapeshifter
   601 | D:1      | a hobgoblin changed into a shapeshifter
   601 | D:1      | XOM: polymorph hobgoblin -> shapeshifter
   601 | D:1      | Noticed a hog
   601 | D:1      | a shapeshifter changed into a hog
   605 | D:1      | Slain by a hog (shapeshifter)

Illustrated notes

Levels and vault maps discovered:
D:1:      ldierk_walled_garden, layout_basic, roderic_lattice_a

Action                   || total
-------------------------++-------
Melee: Falchion          ||    42
       Tailslap          ||     5
  Use: Scroll            ||     2
Armor: Skin              ||    21
Dodge: Dodged            ||    50
       Rpst.: Falchion   ||    16

Table legend: (Time is in decaauts)
 A = Elapsed time spent in this place.
 B = Non-inter-level travel time spent in this place.
 C = Inter-level travel time spent in this place.
 D = Time resting spent in this place.
 E = Time spent auto-exploring this place.
 F = Levels seen in this place.
 G = Mean time per level.
                   A        B        C        D        E       F      G
               +--------+--------+--------+--------+--------+-----+--------+
         Total |    610 |    610 |      0 |    250 |    268 |   1 |  610.0 |
       Dungeon |    610 |    610 |      0 |    250 |    268 |   1 |  610.0 |
               +--------+--------+--------+--------+--------+-----+--------+

Top non-repeatable levels by time:
     D:1: 610 daAuts
